Map: Cactus Valley LE (Void)

Players

iLoveBisu

  • Race: Terran Terran
  • League: Diamond
  • Spawn Location: 11:00

Musumeci - Winner!

  • Race: Zerg Zerg
  • League: Diamond
  • Spawn Location: 5:00

VOD

Have the link to the VOD?

Description

Time

  • Played on: March 15, 2017, 9:38 a.m.
  • Length: 10:06
Show
View Real Time Build Order
Export as new Build Order

iLoveBisu Terran 

Build Orders: Hellion Opening, Mech 

Get SALT Encoding   

  12  0:00  SCV  
  13  0:13  SCV  
  14  0:18  Supply Depot  
  14  0:25  SCV  
  15  0:40  SCV  
  15  0:42  Barracks  
  16  0:46  Refinery  
  16  0:52  SCV  
  17  1:04  SCV  
  18  1:16  SCV  
  19  1:29  Barracks Reactor  
  19  1:30  Orbital Command  
  19  1:45  Command Center  
  19  1:56  SCV  
  20  2:06  Factory  
  20  2:07  Marine x2  
  22  2:16  SCV  
  22  2:22  Supply Depot  
  23  2:44  SCV  
  24  2:51  Refinery  
  24  2:55  Starport  
  24  2:56  SCV  
  25  3:00  Barracks Tech Lab  
  25  3:04  Hellion x2  
  25  3:05  Orbital Command  
  29  3:08  SCV  
  30  3:20  SCV  
  30  3:26  Hellion x2  
  35  3:32  SCV  
  35  3:33  Supply Depot  
  36  3:36  SCV  
  36  3:41  Raven  
  39  3:46  SCV  
  39  3:47  Hellion x2  
  44  3:53  SCV  
  46  3:56  Supply Depot  
  46  3:58  Barracks Reactor  
  45  4:05  Factory  
  45  4:09  SCV x2  
  47  4:14  Barracks Tech Lab  
  47  4:15  Barracks Reactor  
  47  4:19  Refinery  
  47  4:20  Refinery  
  47  4:21  SCV x2  
  47  4:22  Hellion  
  51  4:28  Supply Depot  
  51  4:33  Hellion  
  53  4:48  SCV x2  
  55  4:53  Command Center  
  55  5:13  Siege Tank  
  55  5:14  Liberator  
  58  5:15  Cyclone x2  
  58  5:16  SCV x2  
  66  5:29  Supply Depot  
  66  5:32  SCV  
  70  5:46  Armory  
  70  5:48  Armory  
  70  5:50  SCV x2  
  70  5:55  Hellion x2  
  70  5:56  Hellion  
  78  6:05  SCV x2  
  80  6:17  SCV x2  
  82  6:25  Hellion x2, Siege Tank  
  89  6:29  SCV  
  89  6:31  Supply Depot  
  89  6:32  Supply Depot  
  90  6:33  Factory x2  
  90  6:36  Terran Vehicle And Ship Armor Level 1  
  90  6:38  Terran Vehicle Weapons Level 1  
  90  6:41  Supply Depot  
  90  6:42  Viking  
  90  6:44  SCV  
  93  6:54  Cyclone  
  93  6:58  Refinery, Supply Depot  
  93  6:59  Supply Depot  
  93  7:01  Refinery  
  96  7:03  Orbital Command  
  96  7:04  SCV  
  96  7:07  Hellion  
  99  7:13  SCV  
  100  7:16  SCV, Infernal Pre-Igniter  
  101  7:25  SCV  
  101  7:28  SCV  
  103  7:32  Factory Tech Lab x2  
  103  7:33  Cyclone  
  101  7:45  Siege Tank  
  104  8:02  Siege Tank x2  
  104  8:05  SCV x3  
  108  8:17  SCV, Cyclone, Siege Tank  
  111  8:24  Cyclone  
  108  8:28  Liberator  
  106  8:34  Siege Tank  
  106  8:40  Siege Tank  
  112  8:41  SCV x3  
  118  8:49  Command Center  
  118  8:53  SCV, Command Center  
  107  9:08  Siege Tank  
  107  9:09  Siege Tank  
  95  9:29  Hellion x3  
  101  9:39  Command Center  
  101  9:41  Hellion  
Show
View Real Time Build Order
Export as new Build Order

Musumeci Zerg - Winner!

Build Orders: Hatch First 

Get SALT Encoding   

  12  0:02  Drone  
  13  0:11  Drone  
  14  0:14  Extractor  
  14  0:15  Drone  
  15  0:40  Hatchery  
  14  0:44  Extractor  
  14  0:45  Drone  
  15  1:02  Spawning Pool  
  14  1:05  Extractor  
  14  1:06  Drone  
  14  1:09  Extractor  
  13  1:12  Drone  
  13  1:18  Overlord  
  16  1:40  Drone x3  
  19  1:48  Queen  
  19  1:53  Queen  
  23  1:55  Drone  
  24  2:08  Drone  
  25  2:11  Drone x2  
  25  2:15  Drone x2  
  28  2:23  Overlord  
  28  2:40  Queen x2, Overlord  
  28  2:42  Drone  
  33  2:44  Drone  
  33  2:50  Drone  
  33  2:51  Drone  
  36  3:00  Drone x3  
  36  3:01  Drone x2  
  41  3:05  Drone  
  41  3:06  Drone x2  
  41  3:11  Overlord  
  44  3:14  Extractor  
  44  3:15  Extractor  
  42  3:25  Roach Warren  
  42  3:26  Drone x3  
  44  3:30  Drone  
  45  3:36  Drone  
  46  3:42  Drone  
  47  3:58  Evolution Chamber x2  
  47  3:59  Hatchery, Overlord  
  47  4:00  Drone  
  45  4:05  Roach x3  
  45  4:08  Overlord  
  51  4:18  Roach  
  51  4:19  Roach  
  51  4:21  Lair  
  51  4:22  Drone  
  56  4:24  Extractor  
  56  4:25  Roach  
  56  4:31  Overlord x2  
  57  4:42  Roach  
  59  4:49  Roach x4  
  67  4:53  Drone x2  
  67  4:54  Drone, Extractor  
  69  5:19  Drone  
  69  5:20  Drone x6  
  76  5:22  Glial Reconstitution  
  76  5:24  Zerg Missile Weapons Level 1  
  76  5:36  Zerg Ground Armor Level 1  
  76  5:40  Overlord x3  
  76  5:51  Drone  
  76  5:52  Drone x4  
  76  5:53  Overlord  
  76  5:54  Overlord x2  
  81  5:59  Drone x4  
  81  6:01  Extractor  
  81  6:02  Ravager x3  
  81  6:03  Extractor  
  86  6:09  Drone x2  
  86  6:10  Drone  
  89  6:11  Drone x2  
  89  6:12  Drone  
  93  6:18  Drone x2  
  93  6:20  Ravager  
  93  6:21  Ravager  
  93  6:22  Roach x2  
  93  6:23  Roach x2  
  104  6:44  Roach x2  
  104  6:45  Roach x6  
  120  6:54  Roach  
  120  6:59  Overlord x5  
  122  7:17  Drone x5  
  127  7:31  Spore Crawler  
  127  7:32  Ravager, Spore Crawler x2  
  127  7:33  Ravager x2  
  127  7:35  Spore Crawler x2  
  125  7:37  Spore Crawler  
  120  7:47  Ravager  
  120  7:48  Ravager x5  
  126  7:56  Roach x15  
  150  8:21  Roach x3  
  150  8:22  Roach x5  
  161  8:32  Drone  
  162  8:39  Roach x2  
  161  8:43  Overlord x2  
  161  8:44  Overlord x3  
  161  8:47  Extractor  
  161  8:48  Hatchery  
  157  9:05  Roach x11  
  166  9:27  Roach x8  
  173  9:38  Drone x2  
  173  9:41  Drone x3  
  173  9:42  Drone  
  179  9:50  Ravager x4  
  179  9:51  Ravager x2  
  185  9:55  Extractor  
Tags
 
Add a new tag
Caveats
  • Supply blocks, unpowered buildings, or Contaminate may cause inaccurate times.
  • Supply counts are checked every 10 seconds.